 Dungeon Crawl Stone Soup version 0.21.0-3-g78d12a8 (webtiles) character file.

18314 troglodite the Fighter (level 12, -2/98 HPs)
             Began as a Demonspawn Berserker on Jan 12, 2018.
             Was a High Priest of Trog.
             Killed by nerve-wracking pain
             ... invoked by an orc high priest
              (7 damage)
             ... on level 2 of the Orcish Mines on Jan 17, 2018.
             The game lasted 00:50:07 (13550 turns).

troglodite the Fighter (Demonspawn Berserker)      Turns: 13550, Time: 00:50:08

Health: -2/98      AC: 14    Str: 17    XL:     12   Next: 26%
Magic:  12/12      EV: 14    Int: 15    God:    Trog [*****.]
Gold:   681        SH:  8    Dex: 17    Spells: 11/11 levels left

rFire    x . .     SeeInvis .   U - +2 spear (freeze)
rCold    . . .     Gourm    .   O - +0 buckler of Wu Jian's Reproof {rF- Int+5}
rNeg     + . .     Faith    .   x - +1 scale mail {rN+}
rPois    .         Spirit   .   (helmet restricted)
rElec    .         Reflect  +   e - +1 cloak
rCorr    .         Harm     .   f - +0 pair of gloves
MR       .....                  y - +0 pair of boots
Stlth    +.........             g - +3 amulet of reflection
HPRegen  0.26/turn              P - ring of fire
MPRegen  0.13/turn              J - ring of ice

@: berserk cooldown, slowed, very slow
A: claws 2, hooves 2, horns 2, demonic guardian 2, spiny 2
a: Berserk, Trog's Hand, Brothers in Arms, Burn Spellbooks, Renounce Religion


You were on level 2 of the Orcish Mines.
You worshipped Trog.
Trog was extremely pleased with you.
You were near starving.

You visited 2 branches of the dungeon, and saw 13 of its levels.

You collected 978 gold pieces.
You spent 297 gold pieces at shops.

Inventory:

Hand Weapons
 a - a +0 falchion
 M - a +3 antimagic glaive
 Q - the +3 mace of Variability {chaos}
   (You found it on level 10 of the Dungeon)

   Each time it hits an enemy it has a different, random effect.
 U - a +2 spear of freezing (weapon)
Armour
 e - a +1 cloak (worn)
 f - a +0 pair of gloves (worn)
 t - a +1 ring mail of fire resistance
 x - a +1 scale mail of positive energy (worn)
 y - a +0 pair of boots (worn)
 H - a scarf of repulsion
 O - the +0 buckler of Wu Jian's Reproof (worn) {rF- Int+5}
   (You found it on level 11 of the Dungeon)

   It affects your intelligence (+5).
   It makes you vulnerable to fire.
Jewellery
 g - a +3 amulet of reflection (around neck)
 J - a ring of ice (right hand)
 P - a ring of fire (left hand)
Wands
 j - a wand of scattershot (4)
 k - a wand of iceblast (13)
 n - a wand of paralysis (11)
 G - a wand of disintegration (16)
 K - a wand of acid (4)
 L - a wand of flame (64)
 R - a wand of polymorph (16)
Scrolls
 l - 4 scrolls of remove curse
 o - 3 scrolls of fear
 r - 2 scrolls of immolation {unknown}
 u - 2 scrolls of random uselessness {unknown}
 v - 2 scrolls of enchant armour {unknown}
 w - a scroll of enchant weapon {unknown}
 z - a scroll of fog {unknown}
 B - 4 scrolls of teleportation
 C - 5 scrolls of blinking {unknown}
 D - a scroll of magic mapping {unknown}
 E - a scroll of identify
 F - 2 scrolls of holy word {unknown}
 N - a scroll of noise {unknown}
 T - a scroll of vulnerability {unknown}
Potions
 b - 3 potions of curing
 d - 3 potions of lignification
 h - 6 potions of agility
 i - a potion of brilliance
 m - a potion of haste
 p - a potion of mutation
 q - a potion of resistance
 s - 2 potions of ambrosia
 I - 2 potions of invisibility
 S - a potion of cancellation
Comestibles
 c - 22 rations


   Skills:
 * Level 10.4 Fighting
 + Level 3.8 Long Blades
 + Level 4.5 Maces & Flails
 + Level 8.9 Polearms
 * Level 9.6 Armour
 * Level 7.9 Dodging
 + Level 3.0 Stealth
 + Level 2.0 Shields


You had 11 spell levels left.
You didn't know any spells.

Dungeon Overview and Level Annotations

Branches:
Dungeon (11/15)            Temple (0/1) D:4            Lair (0/6) D:9
    Orc (2/2) D:11            Elf (0/3) Orc:2

Altars:
Ashenzari
Cheibriados
Elyvilon
Gozag
Kikubaaqudgha
Nemelex Xobeh
Okawaru
Xom
Zin
The Shining One

Shops:
D:3 *   D:9 *[}   Orc:2 }

Portals:
Trove: D:10 (give ring of Ydghonoo)


Innate Abilities, Weirdness & Mutations

You have very sharp fingernails.
You have hoof-like feet.
You have a pair of horns on your head.
A demonic guardian rushes to your aid.
You are mostly covered in sharp spines.


Message History

You are exhausted.
You feel yourself slow down.
The orc priest looks satisfied for a moment.
The orc warrior barely misses you.
The orc high priest mumbles some strange prayers to Beogh.
You feel much better.
The orc priest hits you but does no damage.
The orc warrior hits you from afar with a glaive!
* * * LOW HITPOINT WARNING * * *
You feel much better.
The orc priest is struck by your spines.
You kill the orc priest!
Trog accepts your kill.
The orc high priest hits you from afar with a trident!
* * * LOW HITPOINT WARNING * * *
The orc warrior hits you from afar with a glaive!
* * * LOW HITPOINT WARNING * * *
The orc high priest mumbles some strange prayers to Beogh against you.
Pain shoots through your body!
You die...

#......#)..##.....<.......
#########[####.......#.... ..÷#
##(.#...##....#.#.
....###......####....#..
..÷...##.....## #.......
..÷...#####...# ##...#..
§..÷...## ##..###.......
..÷.4o4)# #...###..[... #o)@##
##.## ##[[... ##)).# ### ##....
#### ##)..# ##..##. #..##
###.)..# #....#.
....########)....###########.....
#...........)...##....#.##.......
##........)....##................
###..........#####.............##
..#.........##......##....##..##.


You could see an orc high priest, an ice devil, a rust devil and an orc warrior.

Vanquished Creatures
  Fannar (D:11)
  A two-headed ogre (D:10)
  An orc high priest (Orc:2)
  Nergalle (D:11)
  3 orc knights (Orc:2)
  Pikel (D:4)
  3 orc sorcerers
  3 trolls
  Grinder (D:6)
  The ghost of Aviak the Skirmisher, an amateur FoSu (D:4)
  3 hippogriffs
  14 yaks
  2 humans (D:11)
  3 chaos spawn (D:10)
  Menkaure (D:5)
  4 hungry ghosts
  A water moccasin (D:8)
  A soldier ant (D:11)
  2 sky beasts (D:10)
  14 orc warriors
  An ice beast (D:7)
  2 black bears
  10 ogres
  4 phantoms
  9 centaurs
  4 bullfrogs
  3 scorpions
  12 killer bees
  A troll zombie (D:11)
  4 wights (D:11)
  A howler monkey (D:6)
  A bullfrog zombie (D:11)
  A centaur zombie (D:5)
  A quasit (D:11)
  6 crimson imps
  3 hounds
  Crazy Yiuf (D:4)
  13 orc priests
  18 orc wizards
  2 bullfrog skeletons (D:6)
  Ijyb (D:3)
  6 iguanas
  10 worker ants
  6 ogre zombies (D:11)
  A hound skeleton (D:7)
  A gnoll (D:1)
  14 adders
  4 shadow imps
  An ooze (D:4)
  3 adder skeletons
  An adder zombie (D:3)
  4 worms
  5 dart slugs
  2 leopard geckos (D:8)
  72 orcs
  2 ball pythons
  5 bats
  8 giant cockroaches
  10 goblins
  11 hobgoblins
  8 jackals
  7 kobolds
  4 quokkas
  4 frilled lizards
  2 goblin zombies (D:11)
  3 hobgoblin zombies (D:11)
  A jackal skeleton (D:3)
  2 jackal zombies (D:3)
  A leopard gecko skeleton (D:4)
  A leopard gecko zombie (D:6)
  4 orc skeletons (D:11)
  12 orc zombies (D:11)
  8 rats
382 creatures vanquished.

Vanquished Creatures (collateral kills)
  An orc high priest (Orc:2)
  An orc knight (Orc:2)
  An orc sorcerer (Orc:2)
  An orc warrior (Orc:2)
  An ogre (Orc:1)
  2 orc priests
  An orc wizard (Orc:2)
  An ogre zombie (D:11)
  3 orcs (Orc:2)
  3 orc skeletons (D:11)
  An orc zombie (D:11)
16 creatures vanquished.

Vanquished Creatures (others)
  A slave (D:4)
  An orc wizard (Orc:2)
  An orc (Orc:2)
3 creatures vanquished.

Grand Total: 401 creatures vanquished

Notes
Turn   | Place    | Note
-------+----------+-------------------------------------------
     0 | D:1      | troglodite the Demonspawn Berserker began the quest for the Orb.
     0 | D:1      | Reached XP level 1. HP: 18/18 MP: 1/1
   245 | D:1      | Gained mutation: You are partially covered in sharp spines. [demonic ancestry]
   245 | D:1      | Reached XP level 2. HP: 22/24 MP: 2/2
   543 | D:1      | Gained mutation: You have sharp fingernails. [demonic ancestry]
   543 | D:1      | Reached XP level 3. HP: 18/29 MP: 3/3
  1283 | D:2      | Reached ** piety under Trog
  1695 | D:2      | You fall through a shaft for 2 floors!
  1718 | D:4      | Found a staircase to the Ecumenical Temple.
  1725 | D:4      | Gained mutation: You have large cloven feet. [demonic ancestry]
  1725 | D:4      | Reached XP level 4. HP: 27/37 MP: 4/4
  1918 | D:4      | Found a snail-covered altar of Cheibriados.
  2136 | D:4      | Noticed a slave
  2137 | D:4      | Noticed a slave
  2137 | D:4      | Noticed Pikel
  2137 | D:4      | Noticed a slave
  2138 | D:4      | Noticed a slave
  2146 | D:4      | Killed Pikel
  2146 | D:4      | Reached skill level 4 in Fighting
  2146 | D:4      | Reached skill level 1 in Polearms
  2146 | D:4      | Reached skill level 1 in Stealth
  2146 | D:4      | Gained mutation: You are mostly covered in sharp spines. [demonic ancestry]
  2146 | D:4      | Reached XP level 5. HP: 27/43 MP: 5/5
  2146 | D:4      | Gained mutation: You have a pair of small horns on your head. [demonic ancestry]
  2146 | D:4      | Reached XP level 6. HP: 31/50 MP: 6/6
  2146 | D:4      | Gained mutation: You have very sharp fingernails. [demonic ancestry]
  2146 | D:4      | Reached XP level 7. HP: 34/55 MP: 7/7
  2354 | D:4      | Reached skill level 5 in Fighting
  2706 | D:4      | Noticed Aviak's ghost (amateur FoSu)
  2711 | D:4      | Killed Aviak's ghost
  3003 | D:3      | Found Gozag's Platinum Reserve.
  3003 | D:3      | Found an opulent altar of Gozag.
  3042 | D:3      | Noticed Ijyb
  3049 | D:3      | Killed Ijyb
  3225 | D:3      | Reached *** piety under Trog
  4246 | D:3      | Gained mutation: You have a pair of horns on your head. [demonic ancestry]
  4246 | D:3      | Reached XP level 8. HP: 64/64 MP: 8/8
  4289 | D:3      | Reached **** piety under Trog
  4601 | D:4      | Found a runed door.
  4605 | D:4      | Noticed Crazy Yiuf
  4610 | D:4      | Killed Crazy Yiuf
  4729 | D:5      | Entered Level 5 of the Dungeon
  4815 | D:5      | Noticed Menkaure
  4821 | D:5      | Killed Menkaure
  5288 | D:5      | Reached skill level 6 in Fighting
  5684 | D:6      | Found a white marble altar of Elyvilon.
  5733 | D:6      | Reached skill level 5 in Armour
  6164 | D:6      | Found a sparkling altar of Nemelex Xobeh.
  6198 | D:6      | Noticed Grinder
  6205 | D:6      | Killed Grinder
  6205 | D:6      | Gained mutation: You have hoof-like feet. [demonic ancestry]
  6205 | D:6      | Reached XP level 9. HP: 71/71 MP: 9/9
  6207 | D:6      | Reached skill level 5 in Dodging
  6209 | D:6      | Reached skill level 5 in Polearms
  6921 | D:7      | Found an ancient bone altar of Kikubaaqudgha.
  6923 | D:7      | Found a shattered altar of Ashenzari.
  6923 | D:7      | Found a glowing golden altar of the Shining One.
  6924 | D:7      | Found a glowing silver altar of Zin.
  7948 | D:8      | Reached skill level 7 in Fighting
  8003 | D:8      | Reached ***** piety under Trog
  8043 | D:8      | Reached XP level 10. HP: 79/79 MP: 10/10
  8536 | D:9      | Found Soedd's General Store.
  8568 | D:9      | Found a staircase to the Lair.
  8833 | D:9      | Found Guriyts's Gadget Shop.
  8908 | D:9      | Received a gift from Trog
  9270 | D:9      | Found Neodydod's Antique Armour Emporium.
  9278 | D:9      | Bought a brightly glowing ring mail for 297 gold pieces
  9288 | D:9      | Identified the cursed +0 ring mail "Luronuef" {-Tele rElec rN+++ Int-4} (You bought it in a shop on level 9 of the Dungeon)
  9622 | D:10     | Entered Level 10 of the Dungeon
  9672 | D:10     | Found a shattered altar of Ashenzari.
  9675 | D:10     | Reached skill level 8 in Fighting
  9712 | D:10     | Found a portal to a secret trove of treasure.
  9912 | D:10     | Found a shimmering altar of Xom.
  9914 | D:10     | Found the +4 mace of Variability {chaos}
 10150 | D:10     | Noticed a two-headed ogre
 10155 | D:10     | Killed a two-headed ogre
 10155 | D:10     | Gained mutation: A weak demonic guardian rushes to your aid. [demonic ancestry]
 10155 | D:10     | Reached XP level 11. HP: 87/87 MP: 11/11
 10472 | D:11     | Reached skill level 1 in Maces & Flails
 10486 | D:11     | Noticed Nergalle
 10486 | D:11     | Noticed Fannar
 10492 | D:11     | Killed Nergalle
 10704 | D:11     | Killed Fannar
 10704 | D:11     | Reached skill level 9 in Fighting
 10710 | D:11     | Found an iron altar of Okawaru.
 11381 | D:11     | Got a spiked buckler
 11446 | D:9      | Identified the +0 buckler of Wu Jian's Reproof {rF- Int+5} (You found it on level 11 of the Dungeon)
 11476 | D:11     | Found a staircase to the Orcish Mines.
 11516 | D:11     | Received a gift from Trog
 11745 | Orc:1    | Entered Level 1 of the Orcish Mines
 11897 | Orc:2    | Entered Level 2 of the Orcish Mines
 11897 | Orc:2    | Found a staircase to the Elven Halls.
 11960 | Orc:2    | Found Ucanneadgh's Gadget Shop.
 11978 | Orc:2    | Noticed an orc high priest
 11985 | Orc:2    | Killed an orc high priest
 11985 | Orc:2    | Reached skill level 1 in Shields
 12231 | Orc:1    | Noticed an orc sorcerer
 12235 | Orc:1    | Paralysed by an orc sorcerer for 3 turns
 12241 | Orc:1    | Killed an orc sorcerer
 12241 | Orc:1    | Reached skill level 10 in Fighting
 12828 | Orc:2    | Noticed an orc knight
 12845 | Orc:2    | Killed an orc knight
 12847 | Orc:2    | Gained mutation: A demonic guardian rushes to your aid. [demonic ancestry]
 12847 | Orc:2    | Reached XP level 12. HP: 97/97 MP: 12/12
 13155 | Orc:2    | Noticed an orc high priest
 13171 | Orc:2    | Killed an orc high priest
 13532 | Orc:2    | Noticed an orc high priest
 13536 | Orc:2    | Received a gift from Trog
 13545 | Orc:2    | HP: 2/147 [orc warrior/glaive (19)]
 13550 | Orc:2    | Killed from afar by an orc high priest

Skill      XL: |  1  2  3  4  5  6  7  8  9 10 11 12 |
---------------+-------------------------------------+-----
Dodging        | 2 3 4 5 6 7 |  7.9
Long Blades    | 3 |  3.8
Armour         | 2 3 4 5 7 8 9 |  9.6
Fighting       | 4 5 6 7 8 10 | 10.4
Polearms       | 1 3 4 6 7 8 |  8.9
Stealth        | 1 2 3 |  3.0
Maces & Flails | 4 |  4.5
Shields        | 1 2 |  2.0

Action                   |  1- 3 |  4- 6 |  7- 9 | 10-12 || total
-------------------------+-------+-------+-------+-------++-------
Melee: Falchion          |    53 |       |       |       ||    53
       Short sword       |    35 |     8 |       |       ||    43
       Spear             |     8 |    10 |   390 |   301 ||   709
       Kick              |       |     5 |    37 |       ||    42
       Headbutt          |       |       |    67 |   111 ||   178
       Glaive            |       |       |       |    65 ||    65
       Great mace        |       |       |       |   119 ||   119
Invok: Berserk           |     1 |     1 |     9 |    15 ||    26
       Burn Spellbooks   |       |       |       |     2 ||     2
       Brothers in Arms  |       |       |       |     3 ||     3
  Use: Scroll            |     3 |     1 |    11 |     6 ||    21
       Potion            |       |       |       |     2 ||     2
 Stab: Sleeping          |     2 |     1 |     2 |       ||     5
       Distracted        |       |       |       |     1 ||     1
  Eat: Chunk             |     3 |     2 |    25 |    21 ||    51
       Ration            |       |       |     1 |     4 ||     5
Armor: Animal skin       |    13 |     1 |     1 |       ||    15
       Ring mail         |       |       |    17 |       ||    17
       Chain mail        |       |       |    13 |       ||    13
       Scale mail        |       |       |    84 |   151 ||   235
Dodge: Dodged            |    35 |     6 |   153 |   231 ||   425
Block: Other             |     7 |     3 |    36 |    23 ||    69
       Reflection        |       |       |     1 |     6 ||     7
       Buckler           |       |       |       |    68 ||    68
       Rpst.: Falchion   |     6 |       |       |       ||     6
